 Dungeon Crawl Stone Soup version 0.28.0-45-g0d030f2227 (webtiles) character file.

Game seed: 4923239338513226716

4396 sking99 the Slicer (level 10, 0/80 HPs)
             Began as a Ghoul Brigand on May 19, 2022.
             Was a Believer of Dithmenos.
             Slain by a killer bee (3 damage)
             ... on level 8 of the Dungeon on May 20, 2022.
             The game lasted 00:21:52 (10452 turns).

sking99 the Slicer (Ghoul Brigand)                 Turns: 10452, Time: 00:21:52

Health: 0/80       AC:  8    Str: 18    XL:     10   Next: 35%
Magic:  8/11       EV: 11    Int:  6    God:    Dithmenos [**....]
Gold:   343        SH:  0    Dex: 12    Spells: 9/9 levels left

rFire   . . .      SeeInvis .   a - +2 dagger (elec)
rCold   + . .      Faith    .   (no shield)
rNeg    + + +      Spirit   .   h - +0 ring mail
rPois   ∞          Reflect  .   (no helmet)
rElec   .          Harm     .   y - +1 cloak
rCorr   .          Rampage  .   j - +0 pair of gloves {Stlth+}
Will    .....                   (no boots)
Stlth   +++++.....              (no amulet)
HPRegen 0.00/turn               l - ring of wizardry
MPRegen 0.12/turn               (no ring)

@: inhibited regen, wreathed by umbra, studying Summonings
A: claws 1, cold resistance 1, negative energy resistance 3, inhibited
regeneration, torment resistance 2
a: Renounce Religion, Shadow Step


You were on level 8 of the Dungeon.
You worshipped Dithmenos.
Dithmenos was pleased with you.
You visited 2 branches of the dungeon, and saw 9 of its levels.
You also visited: Ossuary.

You collected 527 gold pieces.
You spent 184 gold pieces at shops.

Inventory:

Hand Weapons
 a - a +2 dagger of electrocution (weapon)
Missiles
 d - 17 poisoned darts
 e - a curare-tipped dart (quivered)
 q - 2 boomerangs
Armour
 h - a +0 ring mail (worn)
 j - a +0 pair of gloves of stealth (worn)
 y - a +1 cloak (worn)
Jewellery
 l - a ring of wizardry (left hand)
Wands
 k - a wand of iceblast (7)
 r - a wand of flame (41)
Scrolls
 b - a scroll of fog
 f - 6 scrolls of teleportation
 g - 7 scrolls of identify
 i - 3 scrolls of enchant weapon
 n - a scroll of brand weapon
 o - 2 scrolls of enchant armour
 s - a scroll of fear
 t - 2 scrolls of immolation
 w - a scroll of amnesia {unknown}
 x - a scroll of vulnerability {unknown}
Potions
 m - 2 potions of curing
 p - a potion of haste {unknown}
 u - 3 potions of ambrosia {unknown}
 v - a potion of invisibility {unknown}


   Skills:
 - Level 4.3 Fighting
 * Level 9.2 Short Blades
 - Level 5.0 Throwing
 - Level 3.7 Dodging
 + Level 9.2 Stealth
 - Level 3.4 Unarmed Combat
 - Level 3.0 Invocations


You had 9 spell levels left.
You didn't know any spells.
Your spell library contained the following spells:

 Spells                   Type           Power      Damage    Failure   Level
 Passwall                 Tmut/Erth      0%         N/A       45%         2
 Mephitic Cloud           Conj/Pois/Air  0%         N/A       69%         3
 Stone Arrow              Conj/Erth      0%         3d7       69%         3
 Animate Armour           Summ/Erth      0%         N/A       96%         4
 Olgreb's Toxic Radiance  Pois           0%         N/A       96%         4
 Petrify                  Tmut/Erth      0%         N/A       96%         4
 Metabolic Englaciation   Hex/Ice        0%         N/A       100%        5
 Lehudib's Crystal Spear  Conj/Erth      0%         10d2      100%        8
 Statue Form              Tmut/Erth      Unusable   N/A       N/A         6

Dungeon Overview and Level Annotations

Branches:
Dungeon (8/15)             Temple (1/1) D:4         Ossuary (visited)
   Lair: D:8-11

Altars:
Ashenzari
Cheibriados
Dithmenos
Elyvilon
Fedhas
Gozag
Hepliaklqana
Kikubaaqudgha
Makhleb
Nemelex Xobeh
Okawaru
Qazlal
Ru
Trog
Uskayaw
Vehumet
Wu Jian
Xom
The Shining One

Shops:
D:5 (   D:7 (   D:8 [

Annotations:
D:3 1 runed translucent door, Crazy Yiuf
D:4 1 runed translucent door, PanSaczeczos's ghost, novice GrFi
D:8 exclusion: electric eel


Innate Abilities, Weirdness & Mutations

You thrive by killing the living.
You are immune to poison.
You have sharp fingernails.
Your flesh is cold resistant. (rC+)
You are immune to negative energy. (rN+++)
You do not regenerate when monsters are visible.
You are immune to unholy pain and torment.


Message History

You hit the wolf but do no damage. Lightning courses through the wolf!
You kill the wolf!
Dithmenos accepts your kill.
You feel better.
You miss the killer bee.
The hound stops to sniff the ground.
The killer bee closely misses you.
You closely miss the killer bee. The killer bee stings you.
* * * LOW HITPOINT WARNING * * *
You miss the killer bee. The killer bee closely misses you.
You barely miss the killer bee. Your punch misses the killer bee.
The killer bee barely misses you.
You barely miss the hound. The killer bee stings you.
* * * LOW HITPOINT WARNING * * *
The hound barely misses you.
You hit the hound but do no damage.
The killer bee stings you but does no damage.
The hound barely misses you.
You hit the hound but do no damage.
The killer bee stings you but does no damage.
The killer bee barely misses you.
Aiming: Shadow Step
Press: ? - help, Dir - move target, f - hound
Aim: a hound (umbra)
You step into the hound's shadow.
The hound bites you but does no damage. The hound closely misses you.
The hound closely misses you. The hound misses you. The hound bites you.
* * * LOW HITPOINT WARNING * * *
The killer bee barely misses you. The killer bee barely misses you.
The hound misses you.
The killer bee stings you but does no damage.
The killer bee barely misses you. The killer bee stings you.
* * * LOW HITPOINT WARNING * * *
The killer bee misses you.
You barely miss the killer bee. The killer bee stings you.
You die...

..................
##.........#h
##.###......##....
.........hT.
#.#........# .....
..........##
#.#.#.####.# ####
#.###.###.## ### #.#
#.# #....hh.h... #.#
#.# #.###.###.## #.#
#.## #.# #.###+## ##
#.##.#######.###.......
#.##..@yhh.h.T.........
#.#########h...........
##.....# #......######
#.....# #......#
####.....# #......#
#........####......#
+........'........##
#........####.....#
#.....#### #.....#


You could see a troll, 4 hounds and a killer bee.

Vanquished Creatures
  Erica (D:8)
  Joseph (D:7)
  Maurice (D:8)
  A wyvern (D:8)
  Menkaure (D:7)
  2 ice beasts (D:6)
  2 orc warriors
  2 black bears
  A sky beast (D:6)
  3 necrophages (D:7)
  2 wolves (D:8)
  2 ogres
  A centaur (D:7)
  2 bullfrogs
  2 wyvern zombies (D:7)
  2 scorpions (D:7)
  A water moccasin skeleton (D:3)
  A wight (D:7)
  3 killer bees (D:8)
  2 centaur zombies
  A human zombie (D:7)
  4 bullfrog zombies
  A bullfrog skeleton (D:4)
  A jelly (D:4)
  4 hounds
  2 gnoll shamans
  An orc priest (D:7)
  2 iguanas
  Terence (D:2)
  A killer bee zombie (D:8)
  2 hound zombies (Ossuary)
  A hound skeleton (D:4)
  A howler monkey zombie (D:7)
  6 mummies
  13 gnolls
  A howler monkey skeleton (D:7)
  5 adders
  A white imp (D:4)
  3 ufetubi (D:4)
  4 worms
  2 dart slugs
  11 orcs
  5 ball pythons
  7 endoplasms
  4 giant cockroaches
  5 gnoll zombies (Ossuary)
  7 hobgoblins
  7 jackals (D:1)
  4 quokkas
  5 bats
  5 frilled lizards
  9 goblins
  3 goblin zombies
  A jackal zombie (Ossuary)
  2 kobolds
  An orc zombie (Ossuary)
  A quokka zombie (D:6)
  2 rats (D:2)
  A rat zombie (Ossuary)
170 creatures vanquished.

Vanquished Creatures (others)
  2 plants (D:2)
2 creatures vanquished.

Grand Total: 172 creatures vanquished

Notes
Turn   | Place    | Note
-------+----------+-------------------------------------------
     0 | D:1      | sking99 the Ghoul Brigand began the quest for the Orb.
     0 | D:1      | Reached XP level 1. HP: 17/17 MP: 0/0
   196 | D:1      | Reached XP level 2. HP: 10/25 MP: 1/1
   465 | D:1      | Reached skill level 1 in Unarmed Combat
   811 | D:1      | Reached XP level 3. HP: 30/30 MP: 2/2
  1727 | D:2      | Reached XP level 4. HP: 38/38 MP: 3/3
  2186 | D:2      | Found a faded altar of an unknown god.
  2201 | D:2      | Found a shimmering altar of Xom.
  2202 | D:2      | Noticed Terence
  2212 | D:2      | Killed Terence
  2213 | D:2      | Reached XP level 5. HP: 46/46 MP: 4/4
  3021 | D:3      | Found a shadowy altar of Dithmenos.
  3311 | D:3      | Reached XP level 6. HP: 52/52 MP: 5/5
  3384 | D:3      | Found a runed translucent door.
  3385 | D:3      | Noticed Crazy Yiuf
  3861 | D:4      | Noticed a black bear
  3873 | D:4      | Killed a black bear
  4186 | D:4      | Reached XP level 7. HP: 14/60 MP: 6/6
  4459 | D:4      | Found a runed translucent door.
  4459 | D:4      | Noticed PanSaczeczos's ghost (novice GrFi)
  4496 | D:4      | Found a snail-covered altar of Cheibriados.
  4615 | D:4      | Reached skill level 5 in Stealth
  5064 | D:3      | Became a worshipper of Dithmenos the Shadowed
  5123 | D:4      | Found a staircase to the Ecumenical Temple.
  5129 | Temple   | Entered the Ecumenical Temple
  5684 | D:5      | Entered Level 5 of the Dungeon
  6134 | D:5      | Found Neosihoth's Antique Weapon Boutique.
  6741 | D:6      | Reached XP level 8. HP: 59/67 MP: 7/7
  6913 | D:6      | Found a sand-covered staircase.
  6936 | Ossuary  | Entered an ossuary
  6946 | Ossuary  | Reached skill level 5 in Short Blades
  6952 | Ossuary  | Reached * piety under Dithmenos
  7482 | D:6      | Reached skill level 5 in Throwing
  8088 | D:7      | Reached skill level 1 in Dodging
  8098 | D:7      | Noticed Menkaure
  8102 | D:7      | Killed Menkaure
  8271 | D:7      | Found Rumm's Weapon Shoppe.
  8393 | D:7      | Got the Reference Book on Envenoming and Moulding
  8505 | D:7      | Reached XP level 9. HP: 72/72 MP: 8/8
  8519 | D:7      | Noticed Joseph
  8550 | D:7      | Killed Joseph
  9123 | D:7      | Found an ancient bone altar of Kikubaaqudgha.
  9232 | D:7      | Reached ** piety under Dithmenos
  9940 | D:8      | Reached skill level 1 in Invocations
 10045 | D:8      | Found Jaapany's Armour Boutique.
 10054 | D:8      | Noticed Erica
 10065 | D:8      | Killed Erica
 10066 | D:8      | Reached XP level 10. HP: 61/80 MP: 8/10
 10270 | D:8      | Found Icvui's Armour Shop.
 10278 | D:8      | Bought a +0 pair of gloves of stealth for 184 gold pieces
 10319 | D:8      | Noticed Maurice
 10330 | D:8      | Killed Maurice
 10449 | D:8      | HP: 3/80 [killer bee (2)]
 10452 | D:8      | Slain by a killer bee

Illustrated notes

Levels and vault maps discovered:
D:1:      evilmike_arrival_hilbert_curve, layout_loops_ring
D:2:      layout_basic, shapermc_ecumenical_altar_acropolis, basic_altar,
          chequers_serial_rivers_small_a, minmay_randomly_rotated_circles,
          uniq_terence
D:3:      layout_loops_ring, grunt_dithmenos_smoke, uniq_crazy_yiuf_cottage
D:4:      layout_loops_cross, lemuel_doored_altar, temple_green,
          gammafunk_ghost_grave
D:5:      layout_basic, serial_shops, kennysheep_mini_moat
D:6:      layout_basic, enter_ossuary_4, nrook_mini_backslash
D:7:      layout_basic, lemuel_mausoleum_altar_kikubaaqudgha, serial_shops,
          nicolae_shop_bloodbath_and_beyond, uniq_menkaure, uniq_joseph
D:8:      layout_basic, grunt_temple_overflow_open, erik_lair_island,
          serial_shops, shop, shop, uniq_erica, uniq_maurice
Temple:   eino_temple_rhombus

Skill      XL: |  1  2  3  4  5  6  7  8  9 10 |
---------------+-------------------------------+-----
Throwing       | 2 3 4 5 |  5.0
Unarmed Combat | 1 2 3 |  3.4
Fighting       | 3 4 |  4.3
Short Blades   | 3 4 6 8 9 |  9.2
Stealth        | 5 7 8 9 |  9.2
Dodging        | 2 3 |  3.7
Invocations    | 2 3 |  3.0

Action                   |  1- 3 |  4- 6 |  7- 9 | 10-12 || total
-------------------------+-------+-------+-------+-------++-------
Melee: Dagger            |   127 |    69 |   401 |    98 ||   695
       Punch             |     1 |     7 |    13 |     4 ||    25
       Unarmed           |       |   133 |       |       ||   133
Throw: Dart              |     8 |    10 |     5 |     1 ||    24
       Boomerang         |       |     4 |     8 |       ||    12
Invok: Shadow Step       |       |       |       |     1 ||     1
  Use: Scroll            |       |     9 |     6 |       ||    15
       Potion            |       |       |     3 |     3 ||     6
 Stab: Sleeping          |     6 |     2 |    14 |       ||    22
       Distracted        |       |     1 |       |       ||     1
Armor: Robe              |    11 |       |       |       ||    11
       Ring mail         |    17 |    83 |   148 |    40 ||   288
Dodge: Dodged            |    53 |    99 |   141 |    84 ||   377
